HSSL
JACKSON HS SWAMP BATS @ SPANISH FORK HS
04/30/2028
 
TOP OF THE 1ST
Jackson HS Swamp Bats batting - Pitching for Spanish Fork HS : RHP Juan Berrera
Pitching: RHP Juan Berrera
Batting: LHB Brad Fuller 0-0: Called Strike
0-1: Ball
1-1: Ball
2-1: Foul Ball, location: 2F
2-2: Ball
3-2: Strikes out swinging
Batting: RHB Kevin Wilson 0-0: Ball
1-0: Ground out U3 (Groundball, 3)
Batting: RHB Jonathan Smith 0-0: Ball
1-0: Ground out 5-3 (Groundball, 5)
Top of the 1st over - 0 run(s), 0 hit(s), 0 error(s), 0 left on base; Jackson HS 0 - Spanish Fork HS 0
BOTTOM OF THE 1ST
Spanish Fork HS batting - Pitching for Jackson HS Swamp Bats : RHP Cecil Cooper
Pitching: RHP Cecil Cooper
Batting: RHB River Sullivan 0-0: Foul Ball, location: 2F
0-1: Ball
1-1: Foul Ball, location: 2F
1-2: SINGLE (Groundball, 6MD)
Batting: RHB Thad Bauer 0-0: Called Strike
0-1: Ball
1-1: Called Strike
1-2: Strikes out swinging
Batting: RHB John Arnold 0-0: Ball
1-0: Ball
2-0: Ball
River Sullivan steals 2nd base
3-0: Called Strike
3-1: Foul Ball, location: 2F
3-2: Foul Ball, location: 2F
3-2: Strikes out looking
Batting: RHB Geoffrey Billings 0-0: Called Strike
0-1: Ball
1-1: Ball
2-1: Ball
3-1: Base on Balls
Batting: RHB David Brady 0-0: Called Strike
0-1: Foul Ball, location: 2F
0-2: Strikes out swinging
Bottom of the 1st over - 0 run(s), 1 hit(s), 0 error(s), 2 left on base; Jackson HS 0 - Spanish Fork HS 0
TOP OF THE 2ND
Jackson HS Swamp Bats batting - Pitching for Spanish Fork HS : RHP Juan Berrera
Batting: RHB Julián García 0-0: Fly out, F9 (Flyball, 9)
Batting: RHB Brandon Davis 0-0: Foul Ball, location: 2F
0-1: Reached on error, E5 (Groundball, 56S)
Batting: LHB Harry McAndrew 0-0: Swinging Strike
0-1: Swinging Strike
0-2: Ball
1-2: Foul Ball, location: 2F
1-2: Ball
2-2: Foul Ball, location: 2F
2-2: Foul Ball, location: 2F
2-2: Foul Ball, location: 2F
2-2: Ball
3-2: Strikes out looking
Batting: RHB Russell Ferguson 0-0: Ball
1-0: Foul Ball, location: 2F
1-1: Fly out, F6 (Line Drive, 6)
Top of the 2nd over - 0 run(s), 0 hit(s), 1 error(s), 1 left on base; Jackson HS 0 - Spanish Fork HS 0
BOTTOM OF THE 2ND
Spanish Fork HS batting - Pitching for Jackson HS Swamp Bats : RHP Cecil Cooper
Batting: RHB Octávio Ramérez 0-0: Called Strike
0-1: Fly out, F9 (Flyball, 9)
Batting: RHB Thomas Hollis 0-0: Called Strike
0-1: Foul Ball, location: 2F
0-2: Ball
1-2: Foul Ball, location: 2F
1-2: Strikes out swinging
Batting: RHB Michael MacDonald 0-0: Ball
1-0: Called Strike
1-1: Foul Ball, location: 2F
1-2: Ground out 6-3 (Groundball, 6S)
Bottom of the 2nd over - 0 run(s), 0 hit(s), 0 error(s), 0 left on base; Jackson HS 0 - Spanish Fork HS 0
TOP OF THE 3RD
Jackson HS Swamp Bats batting - Pitching for Spanish Fork HS : RHP Juan Berrera
Batting: RHB Brendon Bachman 0-0: Ball
1-0: Ball
2-0: Called Strike
2-1: Ground out 3-1 (Groundball, 34)
Batting: RHB Mark May 0-0: Fly out, F8 (Flyball, 8LS)
Batting: LHB Brad Fuller 0-0: Ball
1-0: Foul Ball, location: 2F
1-1: Ball
2-1: Foul Ball, location: 2F
2-2: Ball
3-2: Strikes out looking
Top of the 3rd over - 0 run(s), 0 hit(s), 0 error(s), 0 left on base; Jackson HS 0 - Spanish Fork HS 0
BOTTOM OF THE 3RD
Spanish Fork HS batting - Pitching for Jackson HS Swamp Bats : RHP Cecil Cooper
Batting: SHB Iván Flores 0-0: Ball
1-0: Ball
2-0: Ball
3-0: Base on Balls
Batting: RHB River Sullivan 0-0: Swinging Strike
0-1: Ball
1-1: SINGLE (Groundball, 6MD)
Iván Flores to second
Batting: RHB Thad Bauer 0-0: Ball
1-0: Swinging Strike
1-1: Ball
2-1: Ball
3-1: Foul Ball, location: 2F
3-2: Base on Balls
Iván Flores to third
River Sullivan to second
Batting: RHB John Arnold 0-0: Ball
1-0: Ball
2-0: Called Strike
2-1: Foul Ball, location: 2F
2-2: Strikes out looking
Batting: RHB Geoffrey Billings 0-0: Ball
1-0: Ball
2-0: Foul Ball, location: 2F
2-1: Ball
3-1: Foul Ball, location: 2F
3-2: Fly out, F7 (Flyball, 7LM)
Batting: RHB David Brady 0-0: Called Strike
0-1: Called Strike
0-2: Ball
1-2: Strikes out swinging
Bottom of the 3rd over - 0 run(s), 1 hit(s), 0 error(s), 3 left on base; Jackson HS 0 - Spanish Fork HS 0
TOP OF THE 4TH
Jackson HS Swamp Bats batting - Pitching for Spanish Fork HS : RHP Juan Berrera
Batting: RHB Kevin Wilson 0-0: Called Strike
0-1: Foul Ball, location: 2F
0-2: SINGLE (Flyball, 8RM)
Batting: RHB Jonathan Smith 0-0: Fielders Choice at 2nd, 2-4 (Groundball, 2L)
Batting: RHB Julián García 0-0: Called Strike
0-1: Ball
1-1: Ball
2-1: Ball
3-1: Base on Balls
Jonathan Smith to second
Batting: RHB Brandon Davis 0-0: Ball
1-0: Ball
Passed Ball!
Jonathan Smith to third
Julián García to second
2-0: Ball
3-0: Base on Balls
Batting: LHB Harry McAndrew 0-0: Ball
1-0: DOUBLE (Line Drive, 9LM)
Jonathan Smith scores
Julián García scores
Brandon Davis to third
Batting: RHB Russell Ferguson 0-0: Ball
1-0: Called Strike
1-1: 3-RUN HOME RUN (Flyball, 78XD), Distance : 415 ft
Batting: RHB Brendon Bachman 0-0: Fly out, F9 (Line Drive, 89S)
Batting: RHB Mark May 0-0: Ball
1-0: Called Strike
1-1: Ball
2-1: Called Strike
2-2: Ball
3-2: Foul Ball, location: 2F
3-2: Base on Balls
Batting: LHB Brad Fuller 0-0: Called Strike
0-1: Ball
1-1: Fly out, F7 (Flyball, 7S)
Top of the 4th over - 5 run(s), 3 hit(s), 0 error(s), 1 left on base; Jackson HS 5 - Spanish Fork HS 0
BOTTOM OF THE 4TH
Spanish Fork HS batting - Pitching for Jackson HS Swamp Bats : RHP Cecil Cooper
Batting: RHB Octávio Ramérez 0-0: Called Strike
0-1: Foul Ball, location: 2F
0-2: Ball
1-2: Ball
2-2: Strikes out swinging
Batting: RHB Thomas Hollis 0-0: Ball
1-0: Ball
2-0: Called Strike
2-1: Ball
3-1: Base on Balls
Batting: RHB Michael MacDonald 0-0: Ball
1-0: Fly out, F9 (Flyball, 9S)
Batting: SHB Iván Flores 0-0: Foul Ball, location: 2F
0-1: Ball
1-1: Ball
2-1: Foul Ball, location: 2F
2-2: Foul Ball, location: 2F
2-2: Ball
3-2: Strikes out swinging
Bottom of the 4th over - 0 run(s), 0 hit(s), 0 error(s), 1 left on base; Jackson HS 5 - Spanish Fork HS 0
TOP OF THE 5TH
Jackson HS Swamp Bats batting - Pitching for Spanish Fork HS : RHP Juan Berrera
Batting: RHB Kevin Wilson 0-0: Ball
1-0: Foul Ball, location: 2F
1-1: Called Strike
1-2: Foul Ball, location: 2F
1-2: Foul Ball, location: 2F
1-2: SINGLE (Groundball, 56D)
Batting: RHB Jonathan Smith 0-0: Ball
1-0: Foul Ball, location: 2F
1-1: Swinging Strike
1-2: Strikes out swinging
Batting: RHB Julián García 0-0: Ball
1-0: Ball
2-0: Swinging Strike
2-1: SINGLE (Line Drive, 6M)
Kevin Wilson to second
Pitching: LHP Leonard Scott
Batting: RHB Brandon Davis 0-0: Ball
1-0: Ball
2-0: Ball
3-0: Called Strike
3-1: Base on Balls
Kevin Wilson to third
Julián García to second
Batting: LHB Harry McAndrew 0-0: Ball
1-0: Ball
2-0: Called Strike
2-1: Fly out, F6 (Popup, 6D)
Batting: RHB Russell Ferguson 0-0: Called Strike
0-1: Swinging Strike
0-2: Foul Ball, location: 2F
0-2: Ball
1-2: Ball
2-2: Ball
3-2: Base on Balls
Kevin Wilson scores
Julián García to third
Brandon Davis to second
Batting: RHB Brendon Bachman 0-0: Fielders Choice at 2nd, 4-6 (Groundball, 4)
Top of the 5th over - 1 run(s), 2 hit(s), 0 error(s), 2 left on base; Jackson HS 6 - Spanish Fork HS 0
BOTTOM OF THE 5TH
Spanish Fork HS batting - Pitching for Jackson HS Swamp Bats : RHP Cecil Cooper
Pitching: LHP Jeff Holman
Batting: RHB River Sullivan 0-0: Ball
1-0: Foul Ball, location: 2F
1-1: Foul Ball, location: 2F
1-2: Ball
2-2: SINGLE (Line Drive, 6MD)
Batting: RHB Thad Bauer 0-0: Called Strike
River Sullivan steals 2nd base
0-1: Ball
1-1: Foul Ball, location: 2F
1-2: Ball
2-2: Ground out 5-3 (Groundball, 5)
Batting: RHB John Arnold 0-0: Called Strike
0-1: Ball
1-1: Ball
2-1: Swinging Strike
2-2: Hit by Pitch
Batting: RHB Geoffrey Billings 0-0: Foul Ball, location: 2F
0-1: Foul Ball, location: 2F
0-2: Ball
1-2: Ball
2-2: Foul Ball, location: 2F
2-2: Foul Ball, location: 2F
2-2: DOUBLE (Flyball, 7)
River Sullivan scores
John Arnold to third
Batting: RHB David Brady 0-0: Ball
1-0: Ball
2-0: Ball
3-0: Called Strike
3-1: Base on Balls
Batting: RHB Octávio Ramérez 0-0: Foul Ball, location: 2F
0-1: Swinging Strike
0-2: Strikes out looking
Batting: RHB Thomas Hollis 0-0: Ball
1-0: Ball
2-0: Foul Ball, location: 2F
2-1: Ball
3-1: Swinging Strike
3-2: Base on Balls
John Arnold scores
Geoffrey Billings to third
David Brady to second
Batting: RHB Michael MacDonald 0-0: Ball
1-0: Foul Ball, location: 2F
1-1: Foul Ball, location: 2F
1-2: Ball
2-2: Foul Ball, location: 2F
2-2: Strikes out looking
Bottom of the 5th over - 2 run(s), 2 hit(s), 0 error(s), 3 left on base; Jackson HS 6 - Spanish Fork HS 2
TOP OF THE 6TH
Jackson HS Swamp Bats batting - Pitching for Spanish Fork HS : LHP Leonard Scott
Batting: RHB Mark May 0-0: Called Strike
0-1: Fly out, F5 (Line Drive, 56)
Batting: LHB Brad Fuller 0-0: Called Strike
0-1: Ball
1-1: Ground out 4-3 (Groundball, 4)
Batting: RHB Kevin Wilson 0-0: SOLO HOME RUN (Flyball, 7D), Distance : 376 ft
Batting: RHB Jonathan Smith 0-0: Called Strike
0-1: Ball
1-1: Foul Ball, location: 2F
1-2: SINGLE (Line Drive, 34D)
Batting: RHB Julián García 0-0: Fly out, F7 (Flyball, 7)
Top of the 6th over - 1 run(s), 2 hit(s), 0 error(s), 1 left on base; Jackson HS 7 - Spanish Fork HS 2
BOTTOM OF THE 6TH
Spanish Fork HS batting - Pitching for Jackson HS Swamp Bats : LHP Jeff Holman
Pitching: RHP Carter Mortensen
Batting: SHB Iván Flores 0-0: Ground out 4-3 (Groundball, 4D)
Batting: RHB River Sullivan 0-0: Ball
1-0: Foul Ball, location: 2F
1-1: Called Strike
1-2: Foul Ball, location: 2F
1-2: Ball
2-2: SINGLE (Groundball, 56D)
Batting: RHB Thad Bauer 0-0: Called Strike
0-1: Ball
1-1: Foul Ball, location: 2F
1-2: Strikes out swinging
Batting: RHB John Arnold 0-0: Ball
1-0: Ball
2-0: Ball
River Sullivan steals 2nd base
3-0: Base on Balls
Batting: RHB Geoffrey Billings 0-0: Called Strike
0-1: Foul Ball, location: 2F
0-2: Strikes out swinging
Bottom of the 6th over - 0 run(s), 1 hit(s), 0 error(s), 2 left on base; Jackson HS 7 - Spanish Fork HS 2
TOP OF THE 7TH
Jackson HS Swamp Bats batting - Pitching for Spanish Fork HS : LHP Leonard Scott
Batting: RHB Brandon Davis 0-0: Ball
1-0: Ball
2-0: Ball
3-0: Base on Balls
Batting: LHB Harry McAndrew 0-0: Called Strike
0-1: Ball
1-1: Fly out, F9 (Flyball, 9)
Batting: RHB Russell Ferguson 0-0: Fly out, F8 (Flyball, 8RM)
Batting: RHB Brendon Bachman 0-0: SINGLE (Line Drive, 7LS)
Brandon Davis to second
Batting: RHB Mark May 0-0: Fly out, F7 (Flyball, 7LD)
Top of the 7th over - 0 run(s), 1 hit(s), 0 error(s), 2 left on base; Jackson HS 7 - Spanish Fork HS 2
BOTTOM OF THE 7TH
Spanish Fork HS batting - Pitching for Jackson HS Swamp Bats : RHP Carter Mortensen
Batting: RHB David Brady 0-0: Ball
1-0: Ground out 6-3 (Groundball, 56)
Batting: RHB Octávio Ramérez 0-0: Called Strike
0-1: Ball
1-1: Called Strike
1-2: Foul Ball, location: 2F
1-2: Strikes out swinging
Batting: RHB Thomas Hollis 0-0: Called Strike
0-1: Called Strike
0-2: Ball
1-2: Strikes out swinging
Bottom of the 7th over - 0 run(s), 0 hit(s), 0 error(s), 0 left on base; Jackson HS 7 - Spanish Fork HS 2
TOP OF THE 8TH
Jackson HS Swamp Bats batting - Pitching for Spanish Fork HS : LHP Leonard Scott
Batting: LHB Brad Fuller 0-0: SINGLE (Groundball, 6S) (infield hit)
Batting: RHB Kevin Wilson 0-0: Ball
1-0: Foul Ball, location: 2F
1-1: Ball
2-1: Ball
3-1: Foul Ball, location: 2F
3-2: Base on Balls
Brad Fuller to second
Batting: RHB Jonathan Smith 0-0: Ball
1-0: Called Strike
1-1: Foul Ball, location: 2F
1-2: Ball
2-2: Ball
3-2: SINGLE (Flyball, 8LS)
Brad Fuller to third
Kevin Wilson to second
Batting: RHB Julián García 0-0: Ball
1-0: Ball
Wild Pitch!
Brad Fuller scores
Kevin Wilson to third
Jonathan Smith to second
2-0: Ball
3-0: Called Strike
3-1: SINGLE (Groundball, 56D)
Kevin Wilson scores
Jonathan Smith to third
Pitching: LHP Jason Mills
Batting: RHB Brandon Davis 0-0: Called Strike
0-1: Ball
1-1: Foul Ball, location: 2F
1-2: Ball
2-2: Strikes out swinging
Batting: LHB Harry McAndrew 0-0: Called Strike
Julián García steals 2nd base
0-1: Swinging Strike
0-2: Ball
1-2: Strikes out looking
Batting: RHB Russell Ferguson 0-0: Foul Ball, location: 2F
0-1: Swinging Strike
0-2: Ball
1-2: Strikes out looking
Top of the 8th over - 2 run(s), 3 hit(s), 0 error(s), 2 left on base; Jackson HS 9 - Spanish Fork HS 2
BOTTOM OF THE 8TH
Spanish Fork HS batting - Pitching for Jackson HS Swamp Bats : RHP Carter Mortensen
Batting: RHB Michael MacDonald 0-0: Ball
1-0: Foul Ball, location: 2F
1-1: SINGLE (Line Drive, 78M)
Batting: SHB Iván Flores 0-0: Called Strike
0-1: Ball
1-1: Fly out, F7 (Flyball, 7LM)
Batting: RHB River Sullivan 0-0: Ball
1-0: Ball
2-0: Called Strike
2-1: Swinging Strike
2-2: Fly out, F7 (Flyball, 78M)
Batting: RHB Thad Bauer 0-0: Foul Ball, location: 2F
0-1: Ball
1-1: Foul Ball, location: 2F
1-2: Fly out, F6 (Line Drive, 6)
Bottom of the 8th over - 0 run(s), 1 hit(s), 0 error(s), 1 left on base; Jackson HS 9 - Spanish Fork HS 2
TOP OF THE 9TH
Jackson HS Swamp Bats batting - Pitching for Spanish Fork HS : LHP Jason Mills
Batting: RHB Brendon Bachman 0-0: Foul Ball, location: 2F
0-1: Ball
1-1: Swinging Strike
1-2: Strikes out swinging
Batting: RHB Mark May 0-0: Ball
1-0: Called Strike
1-1: Ball
2-1: Swinging Strike
2-2: Foul Ball, location: 2F
2-2: Strikes out swinging
Batting: LHB Brad Fuller 0-0: Called Strike
0-1: Foul Ball, location: 2F
0-2: Foul Ball, location: 2F
0-2: Ball
1-2: Foul Ball, location: 2F
1-2: Ball
2-2: Ball
3-2: Foul Ball, location: 2F
3-2: Ground out U3 (Groundball, 34)
Top of the 9th over - 0 run(s), 0 hit(s), 0 error(s), 0 left on base; Jackson HS 9 - Spanish Fork HS 2
BOTTOM OF THE 9TH
Spanish Fork HS batting - Pitching for Jackson HS Swamp Bats : RHP Carter Mortensen
Batting: RHB John Arnold 0-0: Called Strike
0-1: Foul Ball, location: 2F
0-2: Ball
1-2: Ball
2-2: Ball
3-2: SINGLE (Line Drive, 8LS)
Batting: RHB Geoffrey Billings 0-0: Ball
1-0: Foul Ball, location: 2F
1-1: Foul Ball, location: 2F
1-2: Foul Ball, location: 2F
1-2: Ball
2-2: Foul Ball, location: 2F
2-2: SINGLE (Popup, 6MD)
John Arnold to second
Pitching: RHP Don Doss
Batting: RHB David Brady 0-0: Called Strike
0-1: SINGLE (Groundball, 56D)
John Arnold to third
Geoffrey Billings to second
Batting: RHB Octávio Ramérez 0-0: Called Strike
0-1: Ball
1-1: GRAND SLAM HOME RUN (Flyball, 7D), Distance : 379 ft
Pitching: RHP Peter Poe
Batting: RHB Thomas Hollis 0-0: Swinging Strike
0-1: Ball
1-1: Foul Ball, location: 2F
1-2: Ball
2-2: Strikes out swinging
Batting: RHB Michael MacDonald 0-0: Called Strike
0-1: Called Strike
0-2: Ball
1-2: Foul Ball, location: 2F
1-2: Foul Ball, location: 2F
1-2: Strikes out swinging
Batting: SHB Iván Flores 0-0: Called Strike
0-1: Ball
1-1: Ball
2-1: Foul Ball, location: 2F
2-2: Strikes out swinging
Bottom of the 9th over - 4 run(s), 4 hit(s), 0 error(s), 0 left on base; Jackson HS 9 - Spanish Fork HS 6
Tuesday, August 8th, 2017 - OOTP Baseball 17.12 Build 75